 Dungeon Crawl Stone Soup version 0.30-a0-1160-g6e42c06551 (webtiles) character file.

Game seed: 5322602821433303260

55 qeuew the Trooper (level 3, -11/33 HPs)
             Began as a Hill Orc Fighter on Apr 26, 2023.
             Killed by divine providence
             ... invoked by an orc priest
              (13 damage)
             ... on level 3 of the Dungeon.
             The game lasted 00:02:14 (1986 turns).

qeuew the Trooper (Hill Orc Fighter)                Turns: 1986, Time: 00:02:15

Health: -11/33     AC:  7    Str: 19 (20) XL:     3   Next: 93%
Magic:  3/3        EV:  6    Int:  7 (8)  God:
Gold:   52         SH: 14    Dex:  8 (10) Spells: 2/2 levels left

rFire   + . .        a - +1 war axe
rCold   + . .        e - +3 tower shield {reflect}
rNeg    . . .        b - +0 scale mail
rPois   +            (no helmet)
rElec   +            (no cloak)
rCorr   +            (no gloves)
SInv    .            (no boots)
Will    .....        (no amulet) Stlth
                     (no ring)
HPRegen 0.25/turn    (no ring)
MPRegen 0.08/turn

%: reflection
@: resistant
A: no striking features
a: Convert to Beogh


You were on level 3 of the Dungeon.
You visited 1 branch of the dungeon, and saw 3 of its levels.

You collected 52 gold pieces.

Inventory:

Hand Weapons
 a - a +1 war axe (weapon)
Armour
 b - a +0 scale mail (worn)
 e - a +3 tower shield of reflection (worn)
Potions
 d - a potion of might
 f - a potion of flight
 g - a potion of resistance


   Skills:
 + Level 3.9 Fighting
 * Level 3.8 Axes
 * Level 3.8 Armour
 + Level 0.8 Dodging
 + Level 3.5 Shields


You had 2 spell levels left.
You didn't know any spells.
Your spell library contained the following spells:

 Spells                   Type           Power      Damage    Failure   Level
 Lesser Beckoning         Tloc           0%         N/A       100%        2
 Gell's Gravitas          Tloc           0%         N/A       100%        3
 Teleport Other           Tloc           0%         N/A       100%        3
 Olgreb's Toxic Radiance  Pois           0%         N/A       100%        4
 Discord                  Hex            0%         N/A       100%        8
 Ignition                 Fire           0%         3d3       100%        8


Dungeon Overview and Level Annotations

Branches:
Dungeon (3/15)

Altars:

Shops:
D:1 *


Message History

Your +2 tower shield of reflection glows green for a moment.
You aren't carrying any scrolls.
Unknown command.
(D) Dungeon
Where to? (Enter - D:2, ? - help)
What level of the Dungeon? (default 1, ? - help)
You feel less attractive to monsters.
There is a stone staircase leading down here.
You climb downwards.
The orc priest threatens, "By the altar or by the axe, you will meet Beogh!" (press Y on the ability menu to convert to Beogh)
The orc priest shouts!
Found a lumpy sapphire potion.
There is a stone staircase leading up here.
An orc priest is nearby!
The orc priest invokes the aid of Beogh against you.
Beogh smites you!
You hit the orc priest but do no damage.
The orc priest shouts, "Beogh is our master!
Accept the truth or die!"
The orc priest hits you with a +0 club.
You are too injured to fight recklessly!
You are too injured to fight recklessly!
You are too injured to fight recklessly!
You are too injured to fight recklessly!
You are too injured to fight recklessly!
You are too injured to fight recklessly!
You are too injured to fight recklessly!
You are too injured to fight recklessly!
You are too injured to fight recklessly!
Unknown command.
You are too injured to fight recklessly!
You closely miss the orc priest.
The orc priest threatens, "By the altar or by the axe, you will meet Beogh!"
The orc priest invokes the aid of Beogh against you.
Beogh smites you!
* * * LOW HITPOINT WARNING * * *
An orc comes into view. It is wielding a +0 club.
The orc priest mumbles some strange prayers to Beogh against you.
Beogh smites you!
You die...

... ..#
..#
#o#####
......
#.#..
#o#.#
#@#.#####.
#.........
#.<..####.
#...##
.....#
###....
#...##
#....
#####


You could see an orc priest and an orc (wandering).

Vanquished Creatures
  2 adders (D:2)
  A worm (D:2)
  2 endoplasms
  4 goblins (D:1)
  A hobgoblin (D:1)
  7 jackals (D:1)
  6 ball pythons
  3 bats
  2 frilled lizards (D:1)
  2 kobolds (D:1)
  2 rats
32 creatures vanquished.

Vanquished Creatures (others)
  A plant (D:1)
1 creature vanquished.

Grand Total: 33 creatures vanquished

Notes
Turn   | Place    | Note
-------+----------+-------------------------------------------
     0 | D:1      | qeuew the Hill Orc Fighter began the quest for the Orb.
     0 | D:1      | Reached XP level 1. HP: 19/19 MP: 1/1
   204 | D:1      | Reached XP level 2. HP: 27/27 MP: 2/2
   449 | D:1      | Reached XP level 3. HP: 33/33 MP: 3/3
   553 | D:1      | Found Jadgh's General Store.
  1701 | D:2      | Identified the +4 ring mail "Xungeto" {rF+}
  1945 | D:2      | Identified a scroll of acquirement
  1945 | D:2      | Acquired a +2 tower shield of reflection
  1986 | D:3      | Killed from afar by an orc priest

Illustrated notes

Levels and vault maps discovered:
D:1:      wander_arrival_desolate, layout_basic, serial_shops, shop,
          serial_forest, infiniplex_forest_lined_corner,
          infiniplex_forest_clump_C, infiniplex_forest_end_2,
          infiniplex_forest_end_2, hex_medium, serial_bayou_lagoon_a
D:2:      layout_basic
D:3:      layout_basic, grunt_gozag_statues, biasface_ghost_orc_armoury,
          roderic_batcave, kennysheep_flooded_box, kennysheep_path_1

Skill      XL: |  1 |
---------------+----+-----
Axes           | 3 |  3.8
Fighting       | |  3.9
Armour         | |  3.8
Dodging        | |  0.8
Shields        | |  3.5

Action                     || total
---------------------------++-------
  Melee: War axe           ||    97
    Use: Scroll            ||     9
         Potion            ||     4
 Armour: Scale mail        ||    44
  Dodge: Dodged            ||    49
  Block: Buckler           ||    20

Table legend: (Time is in decaauts)
 A = Elapsed time spent in this place.
 B = Non-inter-level travel time spent in this place.
 C = Inter-level travel time spent in this place.
 D = Time resting spent in this place.
 E = Time spent auto-exploring this place.
 F = Levels seen in this place.
 G = Mean time per level.
                   A        B        C        D        E       F      G
               +--------+--------+--------+--------+--------+-----+--------+
         Total |   2027 |   1972 |     55 |     35 |   1684 |   3 |  675.7 |
       Dungeon |   2027 |   1972 |     55 |     35 |   1684 |   3 |  675.7 |
               +--------+--------+--------+--------+--------+-----+--------+

Top non-repeatable levels by time:
     D:1: 1033 daAuts
     D:2: 988 daAuts
     D:3: 4 daAuts
